 Dungeon Crawl Stone Soup version 0.27-a0-1188-g73eefd5def (webtiles) character file.

Game seed: 320677559424877047

91864 mandarbmax the Fighter (level 15, -5/163 HPs)
             Began as a Troll Monk on May 22, 2021.
             Was the Champion of Okawaru.
             Shot with an arrow by a centaur warrior (12 damage)
             ... on level 14 of the Dungeon.
             The game lasted 01:03:23 (19457 turns).

mandarbmax the Fighter (Troll Monk)                Turns: 19457, Time: 01:03:24

Health: -5/163     AC: 15    Str: 32    XL:     15   Next: 56%
Magic:  19/19      EV: 14    Int:  6    God:    Okawaru [******]
Gold:   270        SH: 15    Dex: 21    Spells: 14/14 levels left

rFire    + + .     SeeInvis +     - Unarmed
rCold    + . .     Faith    +   S - +2 kite shield of the Sturgeon {Str+3 SInv}
rNeg     . . .     Spirit   .   Z - +1 acid dragon scales
rPois    .         Reflect  .   M - +2 hat
rElec    +         Harm     .   t - scarf {rC+ rF+}
rCorr    +         Rampage  .   (gloves unavailable)
Will     ++...                  (boots unavailable)
Stlth    ++........             W - amulet of Suicidal Tendencies {Faith Fly Str-2 Dex+9}
HPRegen  1.37/turn              U - ring "Ziucige" {Contam Str+3 Slay+4 SInv}
MPRegen  0.16/turn              T - ring "Ujatwi Casm" {rElec rF+ Will+ AC+4}

@: flying, studying 2 skills
A: large, unfitting armour, claws 3, regeneration 1, shaggy fur 1, tough skin 1
a: Renounce Religion, Heroism, Finesse


You were on level 14 of the Dungeon.
You worshipped Okawaru.
Okawaru was exalted by your worship.
You visited 3 branches of the dungeon, and saw 22 of its levels.
You visited 1 bazaar.
You also visited: Gauntlet.

You collected 2188 gold pieces.
You spent 1918 gold pieces at shops.

Inventory:

Missiles
 h - 5 throwing nets
 k - 13 large rocks (quivered)
 n - 8 boomerangs of dispersal
 o - 144 poisoned darts
 r - 36 boomerangs
 x - 4 atropa-tipped darts
 C - 4 curare-tipped darts
 L - 11 javelins
Armour
 t - a scarf of resistance (worn)
 M - a +2 hat (worn)
 S - the +2 kite shield of the Sturgeon (worn) {Str+3 SInv}
   (You acquired it on level 1 of the Lair of Beasts)

   It affects your strength (+3).
   It lets you see invisible.
 Z - +1 acid dragon scales (worn)
Jewellery
 b - an amulet of magic regeneration
 c - the ring of Zilirull {Ice rCorr}
   (You bought it in a shop in a bazaar)

   [ring of ice]

   It enhances your ice magic.
   It makes you vulnerable to fire.
   It protects you from cold.
   It protects you from acid and corrosion.
 T - the ring "Ujatwi Casm" (right claw) {rElec rF+ Will+ AC+4}
   (You acquired it on level 1 of the Lair of Beasts)

   [ring of protection]

   It affects your AC (+4).
   It protects you from fire.
   It insulates you from electricity.
   It increases your willpower.
 U - the ring "Ziucige" (left claw) {Contam Str+3 Slay+4 SInv}
   (You acquired it on level 1 of the Lair of Beasts)

   [ring of slaying]

   It affects your strength (+3).
   It affects your accuracy and damage with ranged weapons and melee attacks
   (+4).
   It lets you see invisible.
   It causes magical contamination when unequipped.
 W - the amulet of Suicidal Tendencies (around neck) {Faith Fly Str-2 Dex+9}
   (You acquired it on level 2 of the Lair of Beasts)

   [amulet of faith]

   It allows you to gain divine favour quickly.
   It affects your strength (-2).
   It affects your dexterity (+9).
   It grants you flight.
Scrolls
 a - 2 scrolls of immolation
 d - a scroll of identify
 e - a scroll of fear
 p - 9 scrolls of teleportation
 s - 2 scrolls of fog
 B - 4 scrolls of enchant weapon
 G - 2 scrolls of enchant armour
 O - a scroll of summoning
 X - a scroll of silence
Potions
 f - 4 potions of haste
 j - a potion of resistance
 u - 7 potions of curing
 w - a potion of magic
 z - 8 potions of heal wounds
 A - 2 potions of attraction
 D - 3 potions of mutation
 F - a potion of brilliance
 J - a potion of cancellation
Miscellaneous
 R - a condenser vane


   Skills:
 - Level 14.0 Fighting
 - Level 12.0 Throwing
 - Level 8.0 Dodging
 + Level 1.2 Stealth
 - Level 10.0 Shields
 - Level 12.2 Unarmed Combat
 + Level 7.2 Invocations
 + Level 3.1 Evocations


You had 14 spell levels left.
You didn't know any spells.
Your spell library contained the following spells:

 Spells                   Type           Power      Damage    Failure   Level
 Animate Skeleton         Necr           0%         N/A       52%         1
 Apportation              Tloc           0%         N/A       52%         1
 Corona                   Hex            0%         N/A       52%         1
 Magic Dart               Conj           0%         1d3       52%         1
 Pain                     Necr           0%         1d4       52%         1
 Sandblast                Erth           0%         2d4       52%         1
 Shock                    Conj/Air       0%         1d3       52%         1
 Sting                    Tmut/Pois      0%         1d3       52%         1
 Summon Small Mammal      Summ           0%         N/A       52%         1
 Blink                    Tloc           N/A        N/A       65%         2
 Call Imp                 Summ           0%         N/A       65%         2
 Ensorcelled Hibernation  Hex/Ice        0%         N/A       65%         2
 Passwall                 Tmut/Erth      0%         N/A       65%         2
 Poisonous Vapours        Pois/Air       0%         N/A       65%         2
 Slow                     Hex            0%         N/A       65%         2
 Static Discharge         Conj/Air       0%         N/A       65%         2
 Confusing Touch          Hex            0%         N/A       87%         3
 Conjure Flame            Conj/Fire      0%         6-21      87%         3
 Dazzling Flash           Conj/Hex       0%         N/A       87%         3
 Ignite Poison            Fire/Tmut/Pois 0%         N/A       87%         3
 Mephitic Cloud           Conj/Pois/Air  0%         N/A       87%         3
 Stone Arrow              Conj/Erth      0%         3d7       87%         3
 Swiftness                Air            0%         N/A       87%         3
 Tukima's Dance           Hex            0%         N/A       87%         3
 Vampiric Draining        Necr           0%         2d6       87%         3
 Airstrike                Air            0%         N/A       99%         4
 Animate Dead             Necr           0%         N/A       99%         4
 Olgreb's Toxic Radiance  Pois           0%         N/A       99%         4
 Petrify                  Tmut/Erth      0%         N/A       99%         4
 Agony                    Necr           0%         N/A       100%        5
 Lee's Rapid Deconstruct  Erth           0%         3d5*      100%        5
 Lightning Bolt           Conj/Air       0%         1d11      100%        5
 Freezing Cloud           Conj/Ice/Air   0%         6-21      100%        6
 Haunt                    Necr/Summ      0%         N/A       100%        7
 Malign Gateway           Summ/Tloc      0%         N/A       100%        7
 Monstrous Menagerie      Summ           0%         N/A       100%        7
 Summon Horrible Things   Summ           0%         N/A       100%        8


Dungeon Overview and Level Annotations

Branches:
Dungeon (14/15)            Temple (0/1) D:5            Lair (6/6) D:10
 Shoals (0/4) Lair:2        Snake (0/4) Lair:4        Slime (0/5) Lair:6
    Orc (2/2) D:10            Elf (0/3) Orc:2       Gauntlet (visited)
 Vaults: D:13-14

Altars:
Cheibriados
Dithmenos
Fedhas
Gozag
Makhleb
Nemelex Xobeh
Okawaru
Qazlal
Trog
Wu Jian
Yredelemnul
Zin
The Shining One
Beogh

Shops:
D:1 (   D:8 (   Orc:2 ([*:(

Portals:
Hell: Lair:6
Trove: D:11 (give +6 demon trident)


Innate Abilities, Weirdness & Mutations

You are too large for most types of armour.
You have claws for hands.
Your natural rate of healing is unusually fast.
You are covered in fur. (AC +1)
You have tough skin. (AC +1)


Message History

The bolt misses you.
You miss the tengu warrior.
The centaur warrior wields a +0 shortbow.
The centaur warrior shoots an arrow.
You block the arrow.
The yaktaur shoots a bolt.
The bolt hits you!
The yaktaur shoots a bolt.
The bolt hits you!!
The tengu warrior hits you with a +2 battleaxe of flaming.
The tengu warrior pecks you. The tengu warrior claws you.
You are too injured to fight recklessly!
You are too injured to fight recklessly!
Unknown command.
You are too injured to fight recklessly!
Unknown command.
You are too injured to fight recklessly!
Unknown command.
The centaur warrior shoots an arrow.
The arrow hits you!!
* * * LOW HITPOINT WARNING * * *
The yaktaur shoots a bolt.
The bolt hits you!
* * * LOW HITPOINT WARNING * * *
The yaktaur captain shoots a bolt.
The bolt hits you!!
* * * LOW HITPOINT WARNING * * *
The sentinel's mark upon you fades away.
The yaktaur shoots a bolt.
The bolt misses you.
Unknown command.
Okay, then.
You feel much better.
The centaur warrior shoots an arrow.
You block the arrow.
You block the tengu warrior's attack. x2; The tengu warrior claws you.
* * * LOW HITPOINT WARNING * * *
The yaktaur shoots a bolt.
The bolt hits you!
* * * LOW HITPOINT WARNING * * *
The centaur warrior shoots an arrow.
The arrow hits you!
* * * LOW HITPOINT WARNING * * *
The yaktaur captain shoots a bolt.
The bolt barely misses you.
Okay, then.
As you read the scroll of fear, it crumbles to dust.
You assume a fearsome visage.
The yaktaur captain looks frightened!
The yaktaur looks frightened! x2; The tengu warrior looks frightened!
The centaur warrior resists with some effort.
The centaur warrior shoots an arrow.
The arrow hits you!
You die...

.. .# #. .# #..
.###### ##... ......#
.....#######.......
...........).......
...........c.......
#######..Q...c.....
#..@....c....
#.....c......
#.)..........
..#######...#######..
............# .
..######..<.# #....#
#....# #....######


You could see a yaktaur captain (fleeing), a tengu warrior (fleeing), a centaur
warrior and 2 yaktaurs.

Vanquished Creatures
  Jorgrun (Orc:1)
  Kirke (D:13)
  2 orc warlords (Orc:2)
  A minotaur (Gauntlet)
  The ghost of Sobieck the Severer, a journeyman HOFi of Ru (D:12)
  An ettin (D:12)
  Harold (D:7)
  Fannar (Lair:2)
  A boulder beetle (Lair:4)
  7 hydras
  An ogre mage (D:11)
  Erica (Orc:1)
  5 centaur warriors
  11 two-headed ogres
  2 tengu warriors (D:14)
  The ghost of streetpizza the Skirmisher, a novice DjGl of Makhleb (D:8)
  2 thrashing horrors (Gauntlet)
  Urug (Lair:1)
  A sun demon (Lair:6)
  3 orc high priests (Orc:2)
  Sonja (D:13)
  Pikel (D:6)
  A wizard (Lair:6)
  A deep elf pyromancer (D:14)
  5 orc knights
  5 orc sorcerers
  An ugly thing (D:12)
  A manticore (D:13)
  17 elephants
  5 black mambas
  A torpor snail (Lair:4)
  10 cane toads
  4 orange demons (Lair:6)
  A gargoyle (D:11)
  A minotaur zombie (Gauntlet)
  8 komodo dragons
  5 kobold demonologists
  An ice devil (Lair:6)
  A freezing wraith (D:14)
  A hellwing (Lair:6)
  5 rime drakes
  8 trolls
  5 polar bears
  9 slime creatures (D:12)
  18 blink frogs
  22 dream sheep
  36 yaks
  A wyvern (Lair:6)
  A vampire (D:11)
  2 wraiths
  6 shadows
  A hog (D:13)
  A water elemental (D:13)
  A basilisk (Lair:5)
  A steam dragon (D:9)
  4 nagas (Lair:4)
  9 wargs
  4 acid dragons
  5 hell hounds (Lair:6)
  17 water moccasins
  34 orc warriors
  A sky beast (D:6)
  An ice beast (D:6)
  A black bear (D:6)
  10 ogres
  12 wolves
  3 boggarts (D:13)
  A phantom (D:6)
  9 centaurs
  A lemure (D:6)
  4 kobold brigands
  10 bullfrogs
  A gnoll sergeant (D:8)
  2 wyvern zombies (D:8)
  4 small abominations (Gauntlet)
  5 scorpions
  9 killer bees
  3 howler monkeys
  7 wights
  4 electric eels
  5 centaur zombies
  A crimson imp (D:8)
  A centaur skeleton (D:4)
  A hound (D:7)
  14 jellies
  2 gnoll shamans
  26 orc priests
  Jessica (D:2)
  2 iguanas
  Ijyb (D:4)
  Natasha (twice) (D:2)
  21 orc wizards
  5 hell rats (Lair:3)
  A hound zombie (D:5)
  A howler monkey zombie (D:7)
  A howler monkey skeleton (D:6)
  11 gnolls
  4 adders
  2 shadow imps
  2 white imps
  3 ufetubi
  An adder zombie (D:5)
  2 worms
  A dart slug (D:3)
  81 orcs
  10 endoplasms
  A giant cockroach (D:4)
  11 goblins
  6 hobgoblins
  8 jackals
  26 kobolds
  2 quokkas
  6 ball pythons
  7 bats
  5 frilled lizards
  A rat (D:1)
669 creatures vanquished.

Vanquished Creatures (others)
  A vampire mosquito (D:14)
  An orc wizard (Orc:2)
  An orc (Orc:2)
  24 demonic plants (Gauntlet)
  22 fungi
  50 plants
  3 withered plants (Gauntlet)
102 creatures vanquished.

Grand Total: 771 creatures vanquished

Notes
Turn   | Place    | Note
-------+----------+-------------------------------------------
     0 | D:1      | mandarbmax the Troll Monk began the quest for the Orb.
     0 | D:1      | Reached XP level 1. HP: 22/22 MP: 0/0
   137 | D:1      | Found Hefotzuav's Antique Weapon Shop.
   166 | D:1      | Found a faded altar of an unknown god.
   174 | D:1      | Reached XP level 2. HP: 29/29 MP: 1/1
   725 | D:2      | Noticed Jessica
   734 | D:2      | Killed Jessica
   735 | D:2      | Reached XP level 3. HP: 31/36 MP: 2/2
  1126 | D:2      | Noticed Natasha
  1128 | D:2      | Killed Natasha
  1129 | D:2      | Reached XP level 4. HP: 44/44 MP: 3/3
  1216 | D:2      | Reached skill level 3 in Fighting
  1277 | D:2      | Noticed Natasha
  1284 | D:2      | Killed Natasha
  1335 | D:3      | Found an ornate altar of the Wu Jian Council.
  1350 | D:3      | Noticed a scorpion
  1356 | D:3      | Killed a scorpion
  1357 | D:3      | Reached skill level 5 in Unarmed Combat
  1357 | D:3      | Reached XP level 5. HP: 43/53 MP: 4/4
  1625 | D:3      | Found a bloodstained altar of Trog.
  1903 | D:4      | Reached skill level 1 in Throwing
  1903 | D:4      | Reached XP level 6. HP: 61/61 MP: 5/5
  2081 | D:4      | Found an iron altar of Okawaru.
  2256 | D:4      | Became a worshipper of Warmaster Okawaru
  2256 | D:4      | Reached * piety under Okawaru
  2256 | D:4      | Reached ** piety under Okawaru
  2456 | D:4      | Noticed Ijyb
  2468 | D:4      | Killed Ijyb
  2758 | D:4      | Reached skill level 1 in Invocations
  2850 | D:5      | Entered Level 5 of the Dungeon
  2908 | D:5      | Reached XP level 7. HP: 67/67 MP: 6/6
  3035 | D:5      | Found a shadowy altar of Dithmenos.
  3052 | D:5      | Found a staircase to the Ecumenical Temple.
  3746 | D:6      | Noticed a yak
  3746 | D:6      | Noticed a yak
  3746 | D:6      | Noticed a yak
  3760 | D:6      | Killed a yak
  3775 | D:6      | Killed a yak
  3775 | D:6      | Reached *** piety under Okawaru
  3779 | D:6      | Killed a yak
  3780 | D:6      | Reached XP level 8. HP: 75/75 MP: 6/9
  4086 | D:6      | Found a sparkling altar of Nemelex Xobeh.
  4190 | D:6      | Reached **** piety under Okawaru
  4211 | D:6      | Noticed Pikel
  4222 | D:6      | Killed Pikel
  4223 | D:6      | Reached XP level 9. HP: 60/81 MP: 11/11
  4421 | D:6      | Reached skill level 5 in Throwing
  4625 | D:7      | Noticed Harold
  4640 | D:7      | Killed Harold
  4640 | D:7      | Received a gift from Okawaru
  4640 | D:7      | Reached ***** piety under Okawaru
  4641 | D:7      | Reached skill level 10 in Unarmed Combat
  4641 | D:7      | Reached skill level 5 in Invocations
  4952 | D:7      | Found a snail-covered altar of Cheibriados.
  4980 | D:7      | Found a blossoming altar of Fedhas.
  5343 | D:8      | Received a gift from Okawaru
  5344 | D:8      | Reached XP level 10. HP: 87/88 MP: 13/13
  5346 | D:8      | Found a runed translucent gate.
  5622 | D:8      | Found Lareifarch's Weapon Boutique.
  5848 | D:8      | Found a runed translucent gate.
  5849 | D:8      | Found a runed translucent gate.
  5849 | D:8      | Noticed streetpizza's ghost (novice DjGl)
  5849 | D:8      | Identified the +4 plate armour "Takhu" {rElec rF+ rC+
                  | Int+2}
  6256 | D:9      | Reached skill level 4 in Fighting
  6691 | D:9      | Noticed a two-headed ogre
  6699 | D:9      | Killed a two-headed ogre
  6903 | D:9      | Reached skill level 5 in Fighting
  6903 | D:9      | Reached skill level 5 in Dodging
  6956 | D:9      | Found an opulent altar of Gozag.
  7196 | D:10     | Entered Level 10 of the Dungeon
  7223 | D:10     | Found a staircase to the Orcish Mines.
  7321 | D:10     | Received a gift from Okawaru
  7511 | D:10     | Found a staircase to the Lair.
  7528 | D:10     | Found a glowing golden altar of the Shining One.
  7530 | D:10     | Noticed an angel
  7787 | D:10     | Received a gift from Okawaru
  7788 | D:10     | Reached skill level 6 in Fighting
  7788 | D:10     | Reached XP level 11. HP: 78/105 MP: 14/14
  7858 | D:10     | Found a basalt altar of Yredelemnul.
  7860 | D:10     | Noticed a profane servitor
  8218 | D:11     | Found a portal to a secret trove of treasure.
  8250 | D:11     | Found a gate leading to a gauntlet.
  8258 | Gauntlet | Entered a Gauntlet
  8258 | Gauntlet | Found a transporter.
  8266 | Gauntlet | Found a runed translucent door.
  8266 | Gauntlet | Noticed a green ugly thing
  8267 | Gauntlet | Found a transporter.
  8267 | Gauntlet | Noticed a great orb of eyes
  8267 | Gauntlet | Noticed a brown ugly thing
  8269 | Gauntlet | Found a transporter.
  8270 | Gauntlet | Found a transporter.
  8273 | Gauntlet | Found a transporter.
  8274 | Gauntlet | Found a transporter.
  8279 | Gauntlet | Noticed a thrashing horror
  8280 | Gauntlet | Noticed a thrashing horror
  8284 | Gauntlet | Found a transporter.
  8287 | Gauntlet | Noticed a quicksilver ooze
  8303 | Gauntlet | Found a transporter.
  8322 | Gauntlet | Found a transporter.
  8326 | Gauntlet | Found a transporter.
  8336 | Gauntlet | Found a transporter.
  8387 | Gauntlet | Found a transporter.
  8410 | Gauntlet | Found a runed translucent door.
  8448 | Gauntlet | Killed a thrashing horror
  8452 | Gauntlet | Killed a thrashing horror
  8452 | Gauntlet | Reached ****** piety under Okawaru
  8460 | Gauntlet | Received a gift from Okawaru
  8506 | Gauntlet | Reached skill level 7 in Fighting
  8540 | Gauntlet | Noticed a minotaur
  8549 | Gauntlet | Killed a minotaur
  8550 | Gauntlet | Identified the +1 robe "Annemnin" {rPois Dex+4}
  8857 | D:11     | Received a gift from Okawaru
  8908 | D:11     | Noticed a four-headed hydra
  8915 | D:11     | Killed a four-headed hydra
  8929 | D:11     | Reached skill level 8 in Fighting
  9093 | D:11     | Found a stormy altar of Qazlal.
  9301 | D:11     | Noticed a two-headed ogre
  9302 | D:11     | Noticed a two-headed ogre
  9304 | D:11     | Noticed a two-headed ogre
  9305 | D:11     | Noticed a two-headed ogre
  9306 | D:11     | Noticed a two-headed ogre
  9307 | D:11     | Noticed a two-headed ogre
  9328 | D:11     | Killed a two-headed ogre
  9328 | D:11     | Identified the +3 great mace "Uschucwo" {drain, Str+4}
                  | (Okawaru gifted it to you on level 11 of the Dungeon)
  9328 | D:11     | Received a gift from Okawaru
  9329 | D:11     | Killed a two-headed ogre
  9330 | D:11     | Reached XP level 12. HP: 55/119 MP: 15/15
  9333 | D:11     | Killed a two-headed ogre
  9335 | D:11     | Killed a two-headed ogre
  9336 | D:11     | Killed a two-headed ogre
  9340 | D:11     | Killed a two-headed ogre
  9472 | D:11     | Noticed an ogre mage
  9639 | D:11     | Killed an ogre mage
  9947 | Lair:1   | Entered Level 1 of the Lair of Beasts
  9981 | Lair:1   | Noticed Urug
  9984 | Lair:1   | Killed Urug
 10088 | Lair:1   | Identified 4 scrolls of acquirement
 10088 | Lair:1   | Acquired the +2 kite shield of the Sturgeon {Str+3 SInv}
 10095 | Lair:1   | Acquired the ring "Ujatwi Casm" {rElec rF+ Will+ AC+4}
 10099 | Lair:1   | Acquired the ring "Ziucige" {Contam Str+3 Slay+4 SInv}
 10103 | Lair:1   | Acquired a manual of Fighting
 10146 | Lair:1   | Received a gift from Okawaru
 10262 | Lair:1   | Reached skill level 9 in Fighting
 10685 | Lair:2   | Noticed Fannar
 10692 | Lair:2   | Killed Fannar
 10693 | Lair:2   | Reached skill level 10 in Fighting
 10766 | Lair:2   | Found a staircase to the Shoals.
 10781 | Lair:2   | Noticed an eight-headed hydra
 10784 | Lair:2   | Killed an eight-headed hydra
 10785 | Lair:2   | Reached skill level 11 in Fighting
 11387 | Lair:2   | Acquired the amulet of Suicidal Tendencies {Faith Fly Str-2
                  | Dex+9}
 11515 | Lair:3   | Reached skill level 12 in Fighting
 11567 | Lair:3   | Reached XP level 13. HP: 97/141 MP: 16/16
 11826 | Lair:3   | Reached skill level 13 in Fighting
 12051 | Lair:3   | Received a gift from Okawaru
 12519 | Lair:4   | Received a gift from Okawaru
 12758 | Lair:4   | Identified the +1 robe of Okawaru's Respect {Int+3}
                  | (Okawaru gifted it to you on level 4 of the Lair of Beasts)
 12758 | Lair:4   | Received a gift from Okawaru
 12868 | Lair:4   | Found a staircase to the Snake Pit.
 13111 | Lair:5   | Reached skill level 14 in Fighting
 13125 | Lair:4   | Reached skill level 1 in Shields
 13311 | Lair:5   | Reached skill level 5 in Shields
 14039 | Lair:6   | Entered Level 6 of the Lair of Beasts
 14052 | Lair:6   | Received a gift from Okawaru
 14120 | Lair:6   | Found a staircase to the Slime Pits.
 14297 | Lair:6   | Reached XP level 14. HP: 119/156 MP: 17/17
 14385 | Lair:6   | Identified the +0 robe "Picw" {Rampage rCorr Dex-2}
                  | (Okawaru gifted it to you on level 6 of the Lair of Beasts)
 14385 | Lair:6   | Received a gift from Okawaru
 14713 | Lair:6   | mandarbmax: Hi, Anon
 14898 | Lair:6   | Found a burning altar of Makhleb.
 14947 | Lair:6   | Found a gateway to Hell.
 15275 | Orc:1    | Entered Level 1 of the Orcish Mines
 15275 | Orc:1    | Noticed Erica
 15287 | Orc:1    | Killed Erica
 15380 | Orc:1    | Noticed Jorgrun
 15391 | Orc:1    | HP: 5/156 [Jorgrun/blast of rock fragments (14)]
 15391 | Orc:1    | HP: 2/156 [Jorgrun/staff of earth (3)]
 15393 | Orc:1    | mandarbmax: holy shit
 15523 | Orc:1    | Killed Jorgrun
 15524 | Orc:1    | Reached skill level 10 in Throwing
 15760 | Orc:2    | Entered Level 2 of the Orcish Mines
 16048 | Orc:2    | Found Weecs's Weapon Boutique.
 16131 | Orc:2    | Noticed an orc warlord
 16182 | Orc:2    | Killed an orc warlord
 16182 | Orc:2    | Received a gift from Okawaru
 16203 | Orc:2    | Received a gift from Okawaru
 16320 | Orc:2    | Noticed an orc warlord
 16336 | Orc:2    | Killed an orc warlord
 16336 | Orc:2    | Received a gift from Okawaru
 16462 | Orc:2    | Found a staircase to the Elven Halls.
 16743 | Orc:2    | Reached XP level 15. HP: 149/163 MP: 11/18
 16974 | Orc:2    | Found Qogh's General Store.
 16975 | Orc:2    | Found Esmoitoe's Book Shoppe.
 16977 | Orc:2    | Found Yfes Ubeerun's Antique Armour Shoppe.
 16977 | Orc:2    | Found Leh Uqam's Antique Weapon Emporium.
 17350 | Orc:2    | Bought 2 potions of haste for 220 gold pieces
 17359 | Orc:2    | Bought a runed scarf for 184 gold pieces
 17718 | D:12     | Reached skill level 10 in Shields
 17851 | D:12     | Found a transporter.
 17854 | D:12     | Noticed Sobieck's ghost (journeyman HOFi)
 17856 | D:12     | Found a transporter.
 17856 | D:12     | Identified the +8 great mace of Moral Flaws {pain, *Corrode
                  | rElec rPois Str+4}
 17856 | D:12     | Identified the +4 great mace "Brush" {drain, rPois rN+
                  | Str+3 Int+3}
 18242 | D:8      | Killed streetpizza's ghost
 18482 | D:12     | Killed Sobieck's ghost
 18486 | D:12     | Received a gift from Okawaru
 18655 | D:13     | Reached skill level 1 in Evocations
 18840 | D:13     | Found a glowing silver altar of Zin.
 18848 | D:13     | Noticed Sonja
 18849 | D:13     | Killed Sonja
 18871 | D:13     | Noticed Kirke
 18967 | D:13     | Killed Kirke
 19337 | D:14     | Found a flickering gateway to a bazaar.
 19367 | Bazaar   | Entered a bazaar
 19392 | Bazaar   | Found Sixus's Book Shop.
 19392 | Bazaar   | Found Genwed's Jewellery Boutique.
 19404 | Bazaar   | Bought a manual of Stealth for 1214 gold pieces
 19406 | Bazaar   | Bought the ring of Zilirull {Ice rCorr} for 300 gold pieces
 19456 | D:14     | HP: 6/163 [centaur warrior/arrow (8)]
 19457 | D:14     | Shot with an arrow by a centaur warrior

Illustrated notes

Levels and vault maps discovered:
D:1:      dpeg_arrival_tiny_g, layout_basic, serial_shops, shop_statue,
          basic_ecumenical_altar
D:2:      layout_loops_ring, hex_tiny, uniq_natasha, uniq_jessica
D:3:      layout_basic, trog_book, nicolae_wu_jian_wuxing_cycle
D:4:      kennysheep_the_goblin_king, layout_gridville, okawaru_gym_becter
D:5:      layout_gridville, amcnicky_altar_gilded,
          minmay_temple_entry_sparse_star, minmay_misc_feat_tiny
D:6:      layout_loops_ring, lemuel_doored_altar, minivault_4, uniq_pikel
D:7:      layout_gridville, old_standard_altar, fedhas_ov_isle_minmay,
          minmay_manual_mares, uniq_harold
D:8:      layout_loops_ring, serial_shops, shop, biasface_ghost_orc_armoury,
          minmay_fire_ice_demons
D:9:      layout_basic, nicolae_gozag_seed_capital
D:10:     layout_irregular_city, grunt_temple_overflow_holy_war,
          lair_entry_dummy, orc_0_dummy
D:11:     layout_small_grid, serial_co_window_serial, co_window_corner_a,
          co_window_of_opportunity_a, co_window_of_opportunity_a,
          co_window_corner_a, co_window_cross_1, co_window_corner_a,
          co_window_paths_a, co_window_paths_c, co_window_2corner,
          co_window_paths_c, co_window_broadway_c, enter_trove_1,
          gauntlet_entry_generic, nicolae_qazlal_eye_of_the_storm
D:12:     layout_basic, gammafunk_ghost_smash
D:13:     layout_big_octagon, zin_academy, uniq_kirke, uniq_sonja
D:14:     layout_irregular_city, david_vaults_2, serial_shops,
          bzr_entry_lakeside, nicolae_shop_waterfront, minivault_16,
          kennysheep_cluttered_room, minmay_pinched_square
Lair:1:   layout_regular_city, uniq_urug
Lair:2:   layout_small_grid, shoals_dummy_entry, uniq_fannar
Lair:3:   layout_chaotic_city, serial_bayou_pond_c, lemuel_fruit_fields
Lair:4:   layout_gridlike, minmay_snake_entry_guardpost_medium
Lair:5:   layout_gridlike, st_stairs_5, serial_bayou_lagoon_a,
          chequers_serial_rivers_small_3
Lair:6:   evil_forest, layout_cave_pods, minmay_slime_entry_jelly_boxes,
          serial_bayou_shore_b
Orc:1:    layout_caves, uniq_erolcha, uniq_jorgrun, uniq_erica
Orc:2:    st_orc_congregation, layout_diamond_mine, serial_shops,
          nicolae_shop_behind_doors

Skill      XL: |  1  2  3  4  5  6  7  8  9 10 11 12 13 14 15 |
---------------+----------------------------------------------+-----
Unarmed Combat | 4 5 6 8 9 10 11 12 | 12.2
Dodging        | 3 6 8 |  8.0
Fighting       | 3 6 8 12 14 | 14.0
Throwing       | 1 2 3 4 6 7 8 11 12 | 12.0
Invocations    | 1 2 4 5 6 7 |  7.2
Shields        | 6 9 10 | 10.0
Evocations     | 3 |  3.1
Stealth        | |  1.2

Action                   |  1- 3 |  4- 6 |  7- 9 | 10-12 | 13-15 || total
-------------------------+-------+-------+-------+-------+-------++-------
Melee: Unarmed           |    80 |   136 |   161 |   394 |   790 ||  1561
       Punch             |     3 |     2 |    15 |    23 |       ||    43
Throw: Dart              |       |    19 |     9 |    41 |     4 ||    73
       Large rock        |       |       |     2 |    66 |   154 ||   222
       Boomerang         |       |       |     2 |     6 |       ||     8
       Javelin           |       |       |       |     6 |     6 ||    12
       Throwing net      |       |       |       |       |     1 ||     1
Invok: Heroism           |       |     1 |     2 |     8 |    12 ||    23
       Finesse           |       |       |       |     2 |     5 ||     7
Evoke: Wand              |       |       |     5 |       |       ||     5
       Condenser vane    |       |       |       |       |     2 ||     2
  Use: Scroll            |       |     6 |     4 |    16 |    10 ||    36
       Potion            |       |       |     4 |       |     1 ||     5
 Stab: Sleeping          |     2 |     2 |     1 |     1 |     1 ||     7
       Distracted        |       |     1 |       |       |       ||     1
       Confused          |       |       |       |       |     1 ||     1
Armor: Robe              |    33 |    36 |    21 |    39 |    50 ||   179
       Skin              |       |       |     4 |       |       ||     4
       Troll leather arm |       |       |       |    22 |    62 ||    84
       Acid dragon scale |       |       |       |       |    46 ||    46
Dodge: Dodged            |    48 |    97 |    83 |   230 |   324 ||   782
Block: Other             |       |       |       |    24 |       ||    24
       Kite shield       |       |       |       |    41 |   569 ||   610

Table legend: (Time is in decaauts)
 A = Elapsed time spent in this place.
 B = Non-inter-level travel time spent in this place.
 C = Inter-level travel time spent in this place.
 D = Time resting spent in this place.
 E = Time spent auto-exploring this place.
 F = Levels seen in this place.
 G = Mean time per level.
                   A        B        C        D        E       F      G
               +--------+--------+--------+--------+--------+-----+--------+
         Total |  19257 |  17985 |   1272 |    899 |  13130 |  24 |  802.4 |
       Dungeon |  11584 |  10718 |    866 |    690 |   8003 |  14 |  827.4 |
          Lair |   5325 |   5079 |    246 |     66 |   4058 |   6 |  887.5 |
  Orcish Mines |   1963 |   1803 |    160 |    125 |    991 |   2 |  981.5 |
        Bazaar |     46 |     46 |      0 |      0 |     25 |   1 |   46.0 |
      Gauntlet |    337 |    337 |      0 |     17 |     53 |   1 |  337.0 |
               +--------+--------+--------+--------+--------+-----+--------+

Top non-repeatable levels by time:
   Orc:2: 1473 daAuts
    D:10: 1302 daAuts
    D:11: 1294 daAuts
     D:9: 1216 daAuts
  Lair:6: 1068 daAuts
     D:4: 1040 daAuts
    D:12: 1029 daAuts
  Lair:4: 950 daAuts
     D:8: 942 daAuts
  Lair:3: 900 daAuts
     D:5: 879 daAuts
  Lair:5: 853 daAuts
     D:6: 846 daAuts
  Lair:2: 841 daAuts
  Lair:1: 710 daAuts
